 Dungeon Crawl Stone Soup version 0.28-a0-828-g0121872642 (webtiles) character file.

Game seed: 7098411341681673248

15 Crownlay the Chopper (level 2, 0/26 HPs)
             Began as a Hill Orc Fighter on Nov 10, 2021.
             Slain by a hobgoblin (1 damage)
             ... on level 2 of the Dungeon.
             The game lasted 00:00:43 (564 turns).

Crownlay the Chopper (Hill Orc Fighter)              Turns: 564, Time: 00:00:44

Health: 0/26       AC:  6    Str: 18    XL:     2   Next: 50%
Magic:  2/2        EV:  9    Int:  8    God:
Gold:   0          SH:  0    Dex: 10    Spells: 1/1 levels left

rFire   . . .      SeeInvis .   e - +0 battleaxe
rCold   . . .      Faith    .   (shield currently unavailable)
rNeg    . . .      Spirit   .   b - +0 scale mail
rPois   .          Reflect  .   (no helmet)
rElec   .          Harm     .   (no cloak)
rCorr   .          Rampage  .   (no gloves)
Will    .....                   (no boots)
Stlth   ..........              (no amulet)
HPRegen 0.08/turn               (no ring)
MPRegen 0.08/turn               (no ring)

@: mighty, lethally poisoned (0 -> -16)
A: no striking features
a: no special abilities


You were on level 2 of the Dungeon.
You visited 1 branch of the dungeon, and saw 2 of its levels.

Inventory:

Hand Weapons
 a - a +0 war axe
 e - a +0 battleaxe (weapon)
Armour
 b - a +0 scale mail (worn)
 c - a +0 buckler


   Skills:
 - Level 3.6 Fighting
 * Level 3.7 Axes
 - Level 3.2 Armour
 + Level 3.5 Shields


You had one spell level left.
You didn't know any spells.
Your spell library was empty.

Dungeon Overview and Level Annotations

Branches:
Dungeon (1/15)

Altars:


Message History

The ball python bites you but does no damage.
The ball python constricts you.
You barely miss the ball python.
The ball python is moderately wounded.
The ball python bites you but does no damage.
The ball python constricts you. The ball python barely misses you.
The ball python constricts you.
You slash the ball python!
You kill the ball python!
No target in view!
No target in view!
No target in view!
No target in view!
A hobgoblin comes into view.
Found a stone staircase leading down.
The hobgoblin shouts!
A scorpion comes into view.
The hobgoblin barely misses you.
You closely miss the hobgoblin. The hobgoblin completely misses you.
The hobgoblin barely misses you.
You barely miss the scorpion. You closely miss the hobgoblin.
The scorpion barely misses you.
The hobgoblin hits you but does no damage.
The scorpion closely misses you.
You hit the scorpion but do no damage. You barely miss the hobgoblin.
The scorpion stings you.
You are poisoned.
The scorpion poisons you! The hobgoblin closely misses you.
The scorpion stings you. The hobgoblin barely misses you.
You closely miss the scorpion. You closely miss the hobgoblin.
You feel very sick. The scorpion stings you.
You are lethally poisoned!
The scorpion poisons you! The hobgoblin hits you. The scorpion stings you.
* * * LOW HITPOINT WARNING * * *
You feel very mighty all of a sudden.
* * * LOW HITPOINT WARNING * * *
You feel very sick. The hobgoblin hits you.
You die...

#............
##............
#.............
#..<.###......
#....###......
###...........
#.....####.
#.....## #..##@.#
.....#.sg.....#
................
#................
#......#....>...#
#......#........#
#... ..........
#... ..........


You could see a scorpion and a hobgoblin.

Vanquished Creatures
  A worm (D:2)
  3 endoplasms
  A giant cockroach (D:2)
  A goblin (D:2)
  A hobgoblin (D:2)
  3 ball pythons (D:2)
  A frilled lizard (D:2)
  A rat (D:2)
12 creatures vanquished.

Notes
Turn   | Place    | Note
-------+----------+-------------------------------------------
     0 | D:1      | Crownlay the Hill Orc Fighter began the quest for the Orb.
     0 | D:1      | Reached XP level 1. HP: 19/19 MP: 1/1
    39 | D:1      | You fall into a shaft and drop 1 floor!
    73 | D:2      | Reached XP level 2. HP: 18/26 MP: 2/2
   557 | D:2      | Noticed a scorpion
   564 | D:2      | HP: 1/26 [poisoned by a scorpion]
   564 | D:2      | Slain by a hobgoblin

Illustrated notes

Levels and vault maps discovered:
D:1:      elethiomel_arrival_shortcut, layout_basic, st_stairs_3
D:2:      layout_basic, shapermc_ecumenical_altar_notcrosses, st_stairs_5,
          hangedman_decor_growths, feat_on_display

Skill      XL: |  1 |
---------------+----+-----
Axes           | 3 |  3.7
Fighting       | |  3.6
Armour         | |  3.2
Shields        | |  3.5

Action                   || total
-------------------------++-------
Melee: War axe           ||    16
       Battleaxe         ||    29
  Use: Potion            ||     1
Armor: Scale mail        ||    20
Dodge: Dodged            ||    27
Block: Buckler           ||     6

Table legend: (Time is in decaauts)
 A = Elapsed time spent in this place.
 B = Non-inter-level travel time spent in this place.
 C = Inter-level travel time spent in this place.
 D = Time resting spent in this place.
 E = Time spent auto-exploring this place.
 F = Levels seen in this place.
 G = Mean time per level.
                   A        B        C        D        E       F      G
               +--------+--------+--------+--------+--------+-----+--------+
         Total |    584 |    584 |      0 |      0 |    449 |   2 |  292.0 |
       Dungeon |    584 |    584 |      0 |      0 |    449 |   2 |  292.0 |
               +--------+--------+--------+--------+--------+-----+--------+

Top non-repeatable levels by time:
     D:2: 544 daAuts
     D:1: 40 daAuts
